 Dungeon Crawl Stone Soup version 0.28.0 (webtiles) character file.

Game seed: 2373756370918599851

58866 wakim the Warrior (level 15, -6/128 HPs)
             Began as a Djinni Fire Elementalist on Feb 10, 2022.
             Was a Believer of Ashenzari.
             Killed by an exploding cyclops (10 damage)
             ... ignited by their inner flame
             ... on level 2 of the Orcish Mines.
             The game lasted 01:22:20 (20523 turns).

wakim the Warrior (Djinni Fire Elementalist)       Turns: 20523, Time: 01:22:20

Health: -6/128     AC: 11    Str:  9    XL:     15   Next: 31%
Gold:   737        EV: 13    Int: 24    God:    Ashenzari [**....] SH: 10 Dex: 12

rFire   + + +      SeeInvis +   a - +8 mithril axe "Arga" {speed, Will+}
rCold   . . .      Faith    .   V - +0 kite shield "Astrological Seer" {Self, Melee} (curse)
rNeg    . . .      Spirit   .   K - +0 troll leather armour "Circumscribed Doubts" {Regen+, Self, Cun} (curse)
rPois   ∞          Reflect  .   e - +0 helmet
rElec   .          Harm     .   (no cloak)
rCorr   .          Rampage  .   f - +0 pair of gloves of Ouranomancy {Cun, Self} (curse)
Will    ++...                   (boots unavailable)
Stlth   ++........              G - amulet of Butchery {rC+ Regen+}
HPRegen 1.91/turn               L - +4 ring of protection
MPRegen 0.00/turn               o - ring "Feuliroipp" {rF+ Str+2 Dex-2 Slay+3}

@: flying
A: sickness immunity, fire resistance 2, cold vulnerability 1, float, innate
caster, HP casting, extra vitality 1
a: Renounce Religion, Curse Item, Shatter the Chains


You were on level 2 of the Orcish Mines.
You worshipped Ashenzari.
Ashenzari was pleased with you.
You visited 4 branches of the dungeon, and saw 22 of its levels.
You also visited: Gauntlet and Volcano.

You collected 1309 gold pieces.
You spent 572 gold pieces at shops.

Inventory:

Hand Weapons
 a - the +8 mithril axe "Arga" (weapon) {speed, Will+}
   (You took it off a minotaur in a Gauntlet)

   Attacks with this weapon are significantly faster.
   Will:      It increases your willpower.
Missiles
 Q - a curare-tipped dart {=f}
Armour
 e - a +0 helmet (worn)
 f - the cursed +0 pair of gloves of Ouranomancy (worn) {Cun, Self}
   (You found it on level 2 of the Dungeon)

   It has a curse which improves the following skills: Cunning: Dodging and
   Stealth.
   Introspection: Fighting and Spellcasting.
 q - a +2 leather armour of cold resistance
 B - a +2 leather armour of fire resistance
 K - the cursed +0 troll leather armour "Circumscribed Doubts" (worn) {Regen+, Self, Cun}
   (You found it on level 11 of the Dungeon)

   Regen:     It increases your rate of health regeneration.
   It has a curse which improves the following skills: Introspection: Fighting
   and Spellcasting.
   Cunning:   Dodging and Stealth.
 V - the cursed +0 kite shield "Astrological Seer" (worn) {Self, Melee}
   (You took it off a wight on level 9 of the Dungeon)

   It has a curse which improves the following skills: Introspection: Fighting
   and Spellcasting.
   Melee Combat: Short Blades, Long Blades, Axes, Maces & Flails, Polearms,
   Staves and Unarmed Combat.
Jewellery
 i - a ring of fire
 o - the ring "Feuliroipp" (right hand) {rF+ Str+2 Dex-2 Slay+3}
   (You took it off a minotaur in a Gauntlet)

   [ring of protection from fire]

   Str:       It affects your strength (+2).
   Dex:       It affects your dexterity (-2).
   Slay:      It affects your accuracy & damage with ranged weapons and melee
   (+3).
   rF:        It protects you from fire.
 G - the amulet of Butchery (around neck) {rC+ Regen+}
   (You bought it in a shop on level 1 of the Dungeon)

   [amulet of regeneration]

   rC:        It protects you from cold.
   Regen:     It increases your rate of health regeneration.
 L - a +4 ring of protection (left hand)
 P - a ring of ice
 S - a ring of positive energy
Wands
 t - a wand of acid (20)
 u - a wand of mindburst (45)
 v - a wand of flame (29)
 x - a wand of iceblast (18)
 z - a wand of polymorph (6)
Scrolls
 R - 6 scrolls of magic mapping {!r}
 T - 11 scrolls of teleportation
 U - a scroll of fear
 W - a scroll of enchant armour
 X - a scroll of fog
 Y - a scroll of blinking {!r}
 Z - 2 scrolls of silence {!r}
Potions
 A - a potion of ambrosia
 C - 2 potions of berserk rage {!q}
 D - 2 potions of brilliance
 E - 5 potions of cancellation
 F - 5 potions of curing
 H - 5 potions of haste
 I - a potion of invisibility
 J - 4 potions of heal wounds
 M - 4 potions of mutation {!q}
 N - 3 potions of might
 O - 3 potions of resistance
Miscellaneous
 n - a box of beasts
 w - a phial of floods


   Skills:
 + Level 16.4(18.8) Fighting
 + Level 2.9(4.0) Axes
 - Level 5.0 Armour
 * Level 6.3(8.3) Dodging
 - Level 1.5(2.9) Stealth
 - Level 7.3 Shields
 + Level 13.2(15.6) Spellcasting


You had 8 spell levels left.
You knew the following spells:

 Your Spells              Type           Power      Damage    Failure   Level
a - Foxfire               Conj/Fire      100%       2x1d9     0%          1
b - Scorch                Fire           100%       2d10      1%          2
c - Inner Flame           Hex/Fire       76%        N/A       1%          3
d - Conjure Flame         Conj/Fire      76%        6-21      1%          3
e - Flame Wave            Conj/Fire      76%        2d14      1%          4
f - Pain                  Necr           100%       1d9       0%          1
g - Teleport Other        Tloc           76%        N/A       1%          3
h - Ignite Poison         Fire/Tmut/Pois 76%        N/A       1%          3
i - Lee's Rapid Deconstr  Erth           38%        3d20*     1%          5
j - Simulacrum            Ice/Necr       38%        N/A       2%          6
u - Animate Dead          Necr           38%        N/A       1%          4
B - Blink                 Tloc           100%       N/A       1%          2
Your spell library was empty.

Dungeon Overview and Level Annotations

Branches:
Dungeon (13/15)            Temple (1/1) D:7            Lair (6/6) D:11
  Swamp (0/4) Lair:4       Spider (0/4) Lair:2        Slime (0/5) Lair:6
    Orc (2/2) D:11        Volcano (visited)         Gauntlet (visited)
    Elf: Orc:2       Vaults: D:13-14

Altars:
Ashenzari
Cheibriados
Dithmenos
Fedhas
Hepliaklqana
Kikubaaqudgha
Nemelex Xobeh
Qazlal
Ru
Sif Muna
Trog
Vehumet
Wu Jian
Xom
The Shining One
Jiyva

Shops:
D:1 (=((   D:4 *   D:6 ([   D:8 *   Orc:1 *

Annotations:
D:2 1 runed translucent door, exclusion: door, Crazy Yiuf
D:10 2 transporters, AmberJosephineLiu's ghost, journeyman GrGl
Orc:2 Saint Roka


Innate Abilities, Weirdness & Mutations

You are immune to sickness and miasma.
You are immune to poison.
Your flesh is very heat resistant. (rF++)
You are vulnerable to cold. (rC-)
You float through the air rather than walking.
You learn spells naturally, not from books.
Your magical power is your life essence.
You have superior vitality. (+4 MHP)


Message History

An orc sorcerer comes into view.
It is wielding a +0 dagger and wearing a +2 robe of cold resistance.
The orc priest casts a cantrip, but nothing happens.
You hit the orc warrior but do no damage.
You closely miss the orc.
You are engulfed in blazing flames.
You resist. You block the orc warrior's attack.
An orc warrior comes into view.
It is wielding a +0 short sword and quivering boomerangs of dispersal.
An orc comes into view. It is wielding a +0 dagger.
You barely miss the orc warrior. You slash the orc wizard!
You slash the cyclops!
Flame seeps out of the cyclops.
You are engulfed in blazing flames.
You resist.
The orc sorcerer mumbles some strange words.
The orc warrior hits you from afar with a +0 halberd!
* * * LOW HITPOINT WARNING * * *
The cyclops is engulfed in blazing flames.
Flame seeps out of the cyclops.
You block the cyclops's attack.
The orc priest invokes the aid of Beogh against you.
You resist with almost no effort. You block the orc warrior's attack.
You slash the cyclops!
Flame seeps out of the cyclops.
The cyclops is almost dead.
You completely miss the two-headed ogre.
You hit the orc warrior but do no damage.
You are engulfed in blazing flames.
You resist.
* * * LOW HITPOINT WARNING * * *
An orc warrior comes into view. It is wielding a +0 scimitar.
Saint Roka roars a battlecry!
The orcs go into a battle-frenzy!
The orc wizard mumbles some strange words.
The orc wizard flickers and vanishes for a moment.
You block the orc warrior's attack.
The orc priest mumbles some strange prayers to Beogh against you.
Beogh smites you!
* * * LOW HITPOINT WARNING * * *
The orc priest looks braver for a moment.
The orc warrior barely misses you.
The orc knight hits you from afar with a +2 halberd!!!
* * * LOW HITPOINT WARNING * * *
The cyclops is engulfed in blazing flames.
The cyclops explodes!
The fiery explosion engulfs you! You resist.
You die...

,, *
.....,...... ,
.....##.... *
......#...### ,
, 4...........##
, .............#
* , ,
,..o...§§§...##.
,
....o.§§.o.....
, ,
,....oo§@oo.....
,
....#.Oo°oO..#.
, * .
....ooo#ooo.. ,
....oo.o.. ....
,, * ,
.#.o..$.... ..o
,.......o....,..
, ,
............. .
, ....#.........
, *


You could see Saint Roka, an orc knight (strong), a two-headed ogre (inner
flame), a rust devil (summoned), 2 orc sorcerers, 5 orc warriors, an ogre, 5 orc
priests, 2 orc wizards and 5 orcs.

Vanquished Creatures
  A minotaur (Gauntlet)
  A boulder beetle (D:11)
  2 hydras
  A two-headed ogre (D:11)
  A centaur warrior (D:8)
  2 catoblepae
  10 death yaks
  A soul eater (Gauntlet)
  A fire crab (Volcano)
  2 lindwurms
  Pikel (D:7)
  An orc sorcerer (Orc:1)
  A manticore (D:12)
  2 cyclopes
  An apocalypse crab (Gauntlet)
  8 elephants
  10 black mambas
  A gargoyle (D:11)
  2 torpor snails
  13 cane toads
  4 rime drakes (Lair:6)
  12 komodo dragons
  4 trolls
  A tyrant leech (Lair:4)
  3 meliai (D:13)
  6 hornets
  4 polar bears (Lair:6)
  12 blink frogs
  Prince Ribbit (D:7)
  A dream sheep (Lair:6)
  2 jumping spiders (Lair:2)
  15 spriggans (Lair:6)
  4 culicivoras (Lair:2)
  2 vampires
  A shadow (D:12)
  6 wyverns
  Grum (D:9)
  38 yaks
  A basilisk (Lair:1)
  2 wraiths
  4 fire bats (Volcano)
  4 redbacks (Lair:2)
  2 vampire mosquitoes (D:10)
  5 steam dragons
  Menkaure (D:7)
  Edmund (D:6)
  An acid dragon (D:12)
  9 water moccasins
  2 sky beasts (D:8)
  2 hell hounds (Volcano)
  Duvessa (D:7)
  11 orc warriors
  4 ogres
  6 black bears
  An ice beast (D:8)
  A necrophage (D:4)
  4 boggarts (Lair:6)
  30 wolves
  7 centaurs
  A phantom (D:5)
  A kobold brigand (D:8)
  6 bullfrogs
  3 gnoll sergeants
  5 scorpions
  Dowan (D:7)
  6 killer bees (D:9)
  9 wights
  4 electric eels (D:11)
  8 howler monkeys
  2 centaur zombies
  A bullfrog zombie (D:7)
  13 orc priests
  3 jellies
  3 centaur skeletons
  A bullfrog skeleton (D:7)
  14 orc wizards
  Terence (D:2)
  Natasha (thrice) (D:2)
  An iguana (D:4)
  A killer bee zombie (D:6)
  2 howler monkey zombies
  Robin (D:2)
  6 adders
  16 gnolls
  4 shadow imps (Gauntlet)
  A white imp (D:6)
  2 worms
  2 dart slugs (D:2)
  37 orcs
  3 bats (D:2)
  3 endoplasms
  2 giant cockroaches (D:2)
  7 goblins (D:2)
  7 hobgoblins
  4 jackals (D:2)
  14 kobolds
  A quokka (D:1)
  3 ball pythons
  2 frilled lizards (D:1)
  3 rats
485 creatures vanquished.

Vanquished Creatures (collateral kills)
  A foxfire (Lair:1)
1 creature vanquished.

Vanquished Creatures (others)
  8 demonic plants (Gauntlet)
  799 foxfires
  40 fungi
  52 plants
899 creatures vanquished.

Grand Total: 1385 creatures vanquished

Notes
Turn   | Place    | Note
-------+----------+-------------------------------------------
     0 | D:1      | wakim the Djinni Fire Elementalist began the quest for the
                  | Orb.
     0 | D:1      | Reached XP level 1. HP: 15/15 MP: 0/0
   384 | D:1      | Found Tizxomeib's Weapon Boutique.
   671 | D:1      | Found Caisi's Jewellery Emporium.
   714 | D:1      | Found Boiriumu's Antique Weapon Emporium.
   982 | D:1      | Found Xehoosej's Antique Weapon Shoppe.
  1052 | D:1      | Found a faded altar of an unknown god.
  1058 | D:1      | Reached skill level 1 in Fighting
  1058 | D:1      | Reached XP level 2. HP: 20/22 MP: 0/0
  1202 | D:2      | Reached XP level 3. HP: 21/27 MP: 0/0
  1202 | D:2      | Learned a level 1 spell: Pain
  1322 | D:2      | Noticed Natasha
  1330 | D:2      | Killed Natasha
  1331 | D:2      | Reached skill level 2 in Fighting
  1331 | D:2      | Reached XP level 4. HP: 25/33 MP: 0/0
  1438 | D:2      | Found a hazy altar of Hepliaklqana.
  1468 | D:2      | Noticed Terence
  1840 | D:2      | Noticed Natasha
  1846 | D:2      | Killed Natasha
  1868 | D:2      | Noticed Natasha
  1873 | D:2      | Killed Natasha
  1874 | D:2      | Reached XP level 5. HP: 27/40 MP: 0/0
  1874 | D:2      | Learned a level 2 spell: Blink
  2035 | D:2      | Found a runed translucent door.
  2036 | D:2      | Noticed Crazy Yiuf
  2064 | D:2      | Reached skill level 3 in Fighting
  2350 | D:2      | Identified the +1 helmet of the Leaf {Will- Regen+ Stlth+}
  2350 | D:2      | Noticed Robin
  2351 | D:2      | Killed Robin
  2792 | D:2      | Killed Terence
  2793 | D:2      | Reached XP level 6. HP: 41/47 MP: 0/0
  3077 | D:3      | Found an ornate altar of the Wu Jian Council.
  3450 | D:3      | Reached skill level 4 in Fighting
  3629 | D:4      | Reached XP level 7. HP: 53/53 MP: 0/0
  3629 | D:4      | Learned a level 3 spell: Teleport Other
  3866 | D:4      | Reached skill level 5 in Fighting
  3866 | D:4      | Reached skill level 1 in Armour
  4012 | D:4      | Found Jaovadej's General Store.
  4585 | D:5      | Entered Level 5 of the Dungeon
  4765 | D:5      | Reached skill level 5 in Spellcasting
  4765 | D:5      | Reached XP level 8. HP: 48/60 MP: 0/0
  5325 | D:6      | Noticed Edmund
  5352 | D:6      | Killed Edmund
  5353 | D:6      | Reached skill level 6 in Fighting
  5533 | D:6      | Reached XP level 9. HP: 52/67 MP: 0/0
  5533 | D:6      | Learned a level 3 spell: Ignite Poison
  5575 | D:6      | Found Viyth's Armour Shoppe.
  5739 | D:6      | Reached skill level 7 in Fighting
  5779 | D:6      | Found Ynybam's Weapon Emporium.
  5910 | D:7      | Noticed a hornet
  5916 | D:7      | Killed a hornet
  5957 | D:7      | Found a staircase to the Ecumenical Temple.
  5965 | Temple   | Entered the Ecumenical Temple
  5983 | Temple   | Became a worshipper of Ashenzari the Shackled
  6010 | D:7      | Noticed Prince Ribbit
  6022 | D:7      | Killed Prince Ribbit
  6149 | D:7      | Reached skill level 8 in Fighting
  6216 | D:7      | Noticed Pikel
  6228 | D:7      | Noticed Menkaure
  6290 | D:7      | Killed Pikel
  6291 | D:7      | Reached XP level 10. HP: 77/77 MP: 0/0
  6298 | D:7      | Killed Menkaure
  6307 | D:7      | Reached skill level 5 in Armour
  6313 | D:7      | Noticed Duvessa
  6320 | D:7      | Noticed Dowan
  6320 | D:7      | Killed Duvessa
  6324 | D:7      | Killed Dowan
  6325 | D:7      | Reached skill level 9 in Fighting
  6855 | D:8      | Found Itsavid's General Store.
  7454 | D:8      | Noticed a centaur warrior
  7457 | D:8      | Killed a centaur warrior
  7458 | D:8      | Reached skill level 10 in Fighting
  7945 | D:9      | Reached XP level 11. HP: 84/86 MP: 0/0
  7945 | D:9      | Learned a level 4 spell: Animate Dead
  8069 | D:9      | Noticed Grum
  8324 | D:9      | !bestwep
  8347 | D:9      | Noticed a cyclops
  8353 | D:9      | Killed a cyclops
  8354 | D:9      | Reached skill level 11 in Fighting
  8558 | D:9      | Killed Grum
  8801 | D:9      | Reached * piety under Ashenzari
  8892 | D:10     | Entered Level 10 of the Dungeon
  8905 | D:10     | Reached skill level 1 in Shields
  9260 | D:10     | Found a transporter.
  9317 | D:10     | Found a transporter.
  9322 | D:10     | Noticed AmberJosephineLiu's ghost (journeyman GrGl)
  9626 | D:10     | Reached ** piety under Ashenzari
  9711 | D:11     | Noticed a two-headed ogre
  9723 | D:11     | Killed a two-headed ogre
 10079 | D:11     | Noticed a boulder beetle
 10304 | D:11     | Reached skill level 12 in Fighting
 10322 | D:11     | Reached XP level 12. HP: 96/101 MP: 0/0
 10386 | D:11     | Killed a boulder beetle
 11019 | D:11     | Found a staircase to the Orcish Mines.
 11030 | D:11     | Reached skill level 10 in Spellcasting
 11078 | D:11     | Found a staircase to the Lair.
 11971 | D:12     | Noticed a boulder beetle
 12655 | Lair:1   | Entered Level 1 of the Lair of Beasts
 12665 | Lair:1   | Reached skill level 5 in Shields
 12672 | Lair:1   | Reached skill level 13 in Fighting
 13831 | Lair:2   | Reached XP level 13. HP: 75/106 MP: 0/0
 13831 | Lair:2   | Learned a level 5 spell: Lee's Rapid Deconstruction
 13901 | Lair:2   | Noticed a catoblepas
 14236 | D:1      | Bought the amulet of Butchery {rC+ Regen+} for 572 gold
                  | pieces
 14881 | Lair:2   | Reached *** piety under Ashenzari
 14891 | Lair:2   | Killed a catoblepas
 14945 | Lair:2   | Reached skill level 14 in Fighting
 15033 | Lair:2   | Found a hole to the Spider Nest.
 15606 | Lair:3   | Noticed an eight-headed hydra
 15618 | Lair:3   | Killed an eight-headed hydra
 16280 | Lair:4   | Found a dark tunnel.
 16289 | Volcano  | Entered a volcano
 16617 | Lair:4   | Reached XP level 14. HP: 68/121 MP: 0/0
 16725 | Lair:3   | Reached skill level 15 in Fighting
 17251 | Lair:4   | Found a staircase to the Swamp.
 18495 | Lair:6   | Entered Level 6 of the Lair of Beasts
 18524 | Lair:6   | Found a gate leading to a gauntlet.
 18533 | Gauntlet | Entered a Gauntlet
 18533 | Gauntlet | Found a transporter.
 18533 | Gauntlet | Found a transporter.
 18533 | Gauntlet | Found a transporter.
 18537 | Gauntlet | Found a transporter.
 18537 | Gauntlet | Identified the ring "Vihocveq" {Dex+2 Slay+4}
 18547 | Gauntlet | Found the brooch of Shielding {Spirit SH+8}
 18551 | Gauntlet | Found a transporter.
 18551 | Gauntlet | Found a transporter.
 18561 | Gauntlet | Found a transporter.
 18563 | Gauntlet | Noticed a dire elephant
 18564 | Gauntlet | Found a transporter.
 18567 | Gauntlet | Found a transporter.
 18652 | Gauntlet | Found a transporter.
 18653 | Gauntlet | Found a transporter.
 18662 | Gauntlet | Found a transporter.
 18789 | Gauntlet | Paralysed by you for 2 turns
 18923 | Gauntlet | Identified the ring "Feuliroipp" {rF+ Str+2 Dex-2 Slay+3}
 18923 | Gauntlet | Noticed a minotaur
 18928 | Gauntlet | Killed a minotaur
 18929 | Gauntlet | Reached skill level 16 in Fighting
 18957 | Gauntlet | Identified the Handbook of the Oath
 19148 | Lair:6   | Reached skill level 1 in Axes
 19304 | Lair:6   | Reached XP level 15. HP: 33/127 MP: 0/0
 19304 | Lair:6   | Learned a level 6 spell: Simulacrum
 19514 | Lair:6   | Reached skill level 5 in Dodging
 19538 | Lair:6   | !bestwep
 19710 | Lair:6   | Found a viscous altar of Jiyva.
 19711 | Lair:6   | Found a staircase to the Slime Pits.
 20360 | Orc:1    | Entered Level 1 of the Orcish Mines
 20474 | Orc:1    | Found Maciran's Assorted Antiques.
 20512 | Orc:2    | Entered Level 2 of the Orcish Mines
 20518 | Orc:2    | Noticed Saint Roka
 20523 | Orc:2    | HP: 4/128 [orc knight (47)]
 20523 | Orc:2    | Killed by an exploding cyclops... ignited by their inner
                  | flame

Illustrated notes .... #..## #..# ##.### #....## ##.#..## #'##.)# )...$....##[# ###...####@†# ##.##.#..## # #.#....########### . # ##.............# . #.(.....#####.## # #..#####.# #.# # #...# #.# #.# ####### #### #.# #.# ......# #.# #.# Turn 8324 on D:9: !bestwep

♣ ♣♣♣♣♣♣ * * ♣*
♣♣♣♣♣♣♣♣♣....♣♣♣♣♣♣ ,8).
...♣......♣.....♣.♣..$..
........♣♣♣♣♣♣♣♣@.......,
♣♣.....♣♣♣♣♣ ♣♣♣......
♣♣......♣..♣ .....*
...♣.).....♣ * ♣♣♣♣ *
.♣♣........♣♣♣♣ * *
♣♣♣♣..........♣♣♣ * , ♣
♣♣♣♣♣...♣.)).♣ *,
♣♣♣..(.♣♣..†.♣♣♣ , * , *
♣♣....♣♣...†....♣♣♣ * ,


Turn 19538 on Lair:6: !bestwep

Levels and vault maps discovered:
D:1:      erik_arrival_cave_to_civilisation [erik_arrival_cave_to_hall],
          layout_basic, serial_shops, shop, nicolae_shop_behind_doors,
          nicolae_square_shop, nicolae_lakefront_shop,
          hellmonk_ecumenical_altar_slurped_away
D:2:      layout_loops_ring, basic_altar, uniq_terence, uniq_robin,
          uniq_natasha, uniq_crazy_yiuf_cottage
D:3:      layout_loops_ring, nzn_wu_jian_council_hall, kennysheep_small_spiral
D:4:      layout_basic, serial_shops, nicolae_shop_advertising_works
          [nicolae_subvault_shop_adworks], serial_bayou_lagoon_b
D:5:      layout_loops_ring
D:6:      layout_gridville, serial_shops, nicolae_shop_bloodbath_and_beyond,
          nicolae_stop_n_shop_2, uniq_edmund
D:7:      layout_rooms, minmay_temple_entry_junction_2, centaur_isle,
          uniq_duvessa, uniq_menkaure, uniq_pikel, uniq_prince_ribbit1
D:8:      layout_gridville, serial_shops, nicolae_shop_statue_plus
D:9:      layout_basic, minmay_fractal_squares_gapless_5, uniq_grum
D:10:     layout_basic, gammafunk_ghost_stat_death
D:11:     layout_cave_pods, grunt_lair_entry_orc_guard_hut, erik_orc_2,
          amcnicky_mini_corridor_feature
D:12:     layout_grid_maze, minmay_misc_feat_rows
D:13:     layout_long_grid, drop_trap, minmay_guarded_unrand_wrath_of_trog
Temple:   grunt_wide_crystal_templ
Lair:1:   layout_roguey, chequers_serial_rivers_large_b, grunt_megastairs_2,
          lemuel_fruit_tree
Lair:2:   layout_regular_city, nicolae_spider_entry_tight_spaces
Lair:3:   layout_chaotic_city, chequers_serial_rivers_small_b,
          grunt_megastairs_4
Lair:4:   layout_small_grid, minmay_swamp_entry_worms,
          nicolae_volcano_entry_lava_flow, beast_lair_carwin_3
Lair:5:   layout_roguey
Lair:6:   minmay_lair_end_enchanted_forest, layout_gridlike,
          dpeg_slime_entry_enclosed_altar, gauntlet_entry_generic
Orc:1:    layout_caves, serial_shops, shop, mines1_david
Orc:2:    st_orc_rangers, layout_caves, uniq_saint_roka

Skill      XL: |  1  2  3  4  5  6  7  8  9 10 11 12 13 14 15 |
---------------+----------------------------------------------+-----
Fighting       | 1 2 3 4 5 6 8 10 12 13 14 16 | 16.4
Spellcasting   | 3 4 5 7 8 9 10 11 13 | 13.2
Armour         | 1 3 4 5 |  5.0
Shields        | 3 5 7 |  7.3
Dodging        | 4 6 |  6.3
Axes           | 1 2 |  2.9
Stealth        | |  1.5

Action                   |  1- 3 |  4- 6 |  7- 9 | 10-12 | 13-15 || total
-------------------------+-------+-------+-------+-------+-------++-------
Melee: Flail             |       |       |    16 |     9 |    20 ||    45
       Broad axe         |       |       |       |       |    89 ||    89
 Cast: Foxfire           |    30 |   107 |    65 |   167 |   100 ||   469
       Scorch            |       |     7 |    20 |   132 |   196 ||   355
       Inner Flame       |       |    15 |    37 |   130 |   156 ||   338
       Teleport Other    |       |       |       |     2 |       ||     2
       Pain              |       |       |       |     1 |       ||     1
       Lee's Rapid Decon |       |       |       |       |    22 ||    22
       Blink             |       |       |       |       |    11 ||    11
       Conjure Flame     |       |       |       |       |     6 ||     6
       Flame Wave        |       |       |       |       |     6 ||     6
       Animate Dead      |       |       |       |       |     1 ||     1
Invok: Curse Item        |       |       |       |     3 |     2 ||     5
       Shatter the Chain |       |       |       |     1 |     1 ||     2
  Use: Scroll            |       |     1 |     9 |     4 |       ||    14
       Potion            |       |       |       |     1 |     2 ||     3
 Stab: Sleeping          |       |       |       |       |     1 ||     1
Armor: Robe              |       |     6 |    24 |    35 |       ||    65
       Troll leather arm |       |       |       |     4 |    54 ||    58
Dodge: Dodged            |     3 |    24 |    46 |    96 |   115 ||   284
Block: Kite shield       |       |       |       |    26 |   129 ||   155
